TOP OF THE 1ST |
Chicago Hawks batting - Pitching for Detroit Renaissance : LHP Arnie Pittman
|
Pitching: LHP Arnie Pittman
|
|
Batting: RHB Jorge Salgado
|
0-0: Called Strike 0-1: Foul Ball, location: 2F 0-2: Ground out 1-3 (Groundball, 13S)
|
Batting: LHB Scott Janousek
|
0-0: Ball 1-0: Ball 2-0: Foul Ball, location: 2F 2-1: SINGLE (Line Drive, 78S)
|
Pitching: RHP Ryan Bentley
|
|
Batting: LHB Jeff Simpson
|
0-0: Foul Ball, location: 2F 0-1: Ball 1-1: Swinging Strike Pickoff Throw to First - Out! 1-2: Strikes out looking
|
Top of the 1st over - 0 runs, 1 hit, 0 errors, 0 left on base; Chicago 0 - Detroit 0 |
BOTTOM OF THE 1ST |
Detroit Renaissance batting - Pitching for Chicago Hawks : LHP Miguel López
|
Pitching: LHP Miguel López
|
|
Batting: RHB Pablo Marrero
|
0-0: Ball 1-0: Ball 2-0: Called Strike 2-1: Called Strike 2-2: Foul Ball, location: 2F 2-2: Ground out 6-3 (Groundball, 6)
|
Batting: SHB Shiki Sanu
|
0-0: Called Strike 0-1: Ball 1-1: Ball 2-1: Foul Ball, location: 2F 2-2: Strikes out swinging
|
Batting: LHB Javier Sánchez
|
0-0: Ball 1-0: Called Strike 1-1: Ball 2-1: Fly out, F8 (Flyball, 8RXD)
|
Bottom of the 1st over - 0 runs, 0 hits, 0 errors, 0 left on base; Chicago 0 - Detroit 0 |
TOP OF THE 2ND |
Chicago Hawks batting - Pitching for Detroit Renaissance : RHP Ryan Bentley
|
Batting: RHB Cam MacIntosh
|
0-0: SOLO HOME RUN (Flyball, 9LD), Distance : 331 ft
|
Batting: RHB Jack Bonner
|
0-0: Ball 1-0: Ball 2-0: Called Strike 2-1: Ball 3-1: Base on Balls
|
Batting: RHB Paddy Hodnett
|
0-0: Swinging Strike 0-1: Ball 1-1: Swinging Strike 1-2: Foul Ball, location: 2F 1-2: Foul Ball, location: 2F 1-2: Strikes out swinging
|
Batting: SHB Luis Manuel Flores
|
0-0: Called Strike 0-1: Ball 1-1: Swinging Strike 1-2: Ball 2-2: Strikes out looking
|
Batting: RHB Reg Spiers
|
0-0: Ball 1-0: Called Strike 1-1: Ball 2-1: Foul Ball, location: 2F 2-2: Ball 3-2: Strikes out swinging
|
Top of the 2nd over - 1 run, 1 hit, 0 errors, 1 left on base; Chicago 1 - Detroit 0 |
BOTTOM OF THE 2ND |
Detroit Renaissance batting - Pitching for Chicago Hawks : LHP Miguel López
|
Batting: LHB Todd Henry
|
0-0: Ball 1-0: Foul Ball, location: 2F 1-1: Called Strike 1-2: SINGLE (Flyball, 89S)
|
Batting: RHB Moisés Quintana
|
0-0: Foul Ball, location: 2F 0-1: Foul Ball, location: 2F 0-2: Ball 1-2: Strikes out swinging
|
Batting: LHB Josh Platt
|
0-0: Ball 1-0: Ball 2-0: Ball 3-0: Base on Balls Todd Henry to second
|
Batting: LHB Elian Gonzalez
|
0-0: Ball 1-0: Ball 2-0: Ball 3-0: Called Strike 3-1: Called Strike 3-2: Ground out 5-3 (Groundball, 2L) Todd Henry to third Josh Platt to second
|
Batting: RHB Sixto Estrada
|
0-0: Called Strike 0-1: Swinging Strike 0-2: Foul Ball, location: 2F 0-2: Ball 1-2: Strikes out swinging
|
Bottom of the 2nd over - 0 runs, 1 hit, 0 errors, 2 left on base; Chicago 1 - Detroit 0 |
TOP OF THE 3RD |
Chicago Hawks batting - Pitching for Detroit Renaissance : RHP Ryan Bentley
|
Batting: RHB Tevin McTevin
|
0-0: Ball 1-0: Called Strike 1-1: Ball 2-1: Ball 3-1: Base on Balls
|
Batting: RHB Jorge Salgado
|
0-0: Hit by Pitch Tevin McTevin to second
|
Batting: LHB Scott Janousek
|
0-0: Ball 1-0: Fly out, F6 (Popup, 56)
|
Batting: LHB Jeff Simpson
|
0-0: Called Strike Tevin McTevin is caught stealing 3rd base 0-1: Called Strike 0-2: Foul Ball, location: 2F 0-2: Ball 1-2: Ball 2-2: Strikes out swinging
|
Top of the 3rd over - 0 runs, 0 hits, 0 errors, 1 left on base; Chicago 1 - Detroit 0 |
BOTTOM OF THE 3RD |
Detroit Renaissance batting - Pitching for Chicago Hawks : LHP Miguel López
|
Batting: SHB Jesús Román
|
0-0: Called Strike 0-1: Ball 1-1: Swinging Strike 1-2: Ball 2-2: Strikes out swinging, 2-3 out at first.
|
Batting: RHB Pablo Marrero
|
0-0: Ball 1-0: Ball 2-0: Called Strike 2-1: Fly out, F8 (Flyball, 8RM)
|
Batting: SHB Shiki Sanu
|
0-0: Foul Ball, location: 2F 0-1: Ball 1-1: Foul Ball, location: 2F 1-2: Foul Ball, location: 2F 1-2: Fly out, F7 (Flyball, 7S)
|
Bottom of the 3rd over - 0 runs, 0 hits, 0 errors, 0 left on base; Chicago 1 - Detroit 0 |
TOP OF THE 4TH |
Chicago Hawks batting - Pitching for Detroit Renaissance : RHP Ryan Bentley
|
Batting: RHB Cam MacIntosh
|
0-0: Called Strike 0-1: Ground out U3 (Groundball, 34S)
|
Batting: RHB Jack Bonner
|
0-0: Ball 1-0: Ball 2-0: Ball 3-0: Called Strike 3-1: Reached on error, E5 (Groundball, 25)
|
Batting: RHB Paddy Hodnett
|
0-0: Ball 1-0: Foul Ball, location: 2F 1-1: Swinging Strike 1-2: Strikes out swinging
|
Batting: SHB Luis Manuel Flores
|
0-0: Called Strike 0-1: Ball 1-1: Ball 2-1: Ball 3-1: Foul Ball, location: 2F 3-2: Base on Balls Jack Bonner to second
|
Batting: RHB Reg Spiers
|
0-0: Ball 1-0: Fly out, F8 (Flyball, 8LXD)
|
Top of the 4th over - 0 runs, 0 hits, 1 error, 2 left on base; Chicago 1 - Detroit 0 |
BOTTOM OF THE 4TH |
Detroit Renaissance batting - Pitching for Chicago Hawks : LHP Miguel López
|
Batting: LHB Javier Sánchez
|
0-0: Ball 1-0: SOLO HOME RUN (Flyball, 9D), Distance : 357 ft
|
Batting: LHB Todd Henry
|
0-0: Foul Ball, location: 2F 0-1: Ball 1-1: Ball 2-1: Foul Ball, location: 2F 2-2: SOLO HOME RUN (Flyball, 89XD), Distance : 395 ft
|
Batting: RHB Moisés Quintana
|
0-0: Called Strike 0-1: Foul Ball, location: 2F 0-2: Ball 1-2: Foul Ball, location: 2F 1-2: Ball 2-2: Foul Ball, location: 2F 2-2: Ball 3-2: Strikes out swinging
|
Batting: LHB Josh Platt
|
0-0: Called Strike 0-1: Ball 1-1: Foul Ball, location: 2F 1-2: SOLO HOME RUN (Flyball, 9LD), Distance : 331 ft
|
Batting: LHB Elian Gonzalez
|
0-0: Called Strike 0-1: Ball 1-1: Swinging Strike 1-2: Ground out 6-3 (Groundball, 6)
|
Batting: RHB Sixto Estrada
|
0-0: Ball 1-0: Called Strike 1-1: Ball 2-1: Fly out, F8 (Flyball, 8RM)
|
Bottom of the 4th over - 3 runs, 3 hits, 0 errors, 0 left on base; Chicago 1 - Detroit 3 |
TOP OF THE 5TH |
Chicago Hawks batting - Pitching for Detroit Renaissance : RHP Ryan Bentley
|
Batting: RHB Tevin McTevin
|
0-0: Foul Ball, location: 2F 0-1: Called Strike 0-2: Strikes out swinging
|
Batting: RHB Jorge Salgado
|
0-0: Ball 1-0: Fly out, F8 (Flyball, 8RD)
|
Pitching: LHP Filip Radyuhin
|
|
Batting: LHB Scott Janousek
|
0-0: Called Strike 0-1: Ground out 6-3 (Groundball, 6)
|
Top of the 5th over - 0 runs, 0 hits, 0 errors, 0 left on base; Chicago 1 - Detroit 3 |
BOTTOM OF THE 5TH |
Detroit Renaissance batting - Pitching for Chicago Hawks : LHP Miguel López
|
Batting: SHB Jesús Román
|
0-0: Foul Ball, location: 2F 0-1: Foul Ball, location: 2F 0-2: Ball 1-2: SINGLE (Groundball, 25) (infield hit)
|
Batting: RHB Pablo Marrero
|
0-0: Grounds into double play, 6-4-3 (Groundball, 6)
|
Batting: SHB Shiki Sanu
|
0-0: Ball 1-0: Called Strike 1-1: Called Strike 1-2: Ball 2-2: Ball 3-2: Base on Balls
|
Pitching: RHP Stanley Eldrige
|
|
Batting: LHB Javier Sánchez
|
0-0: Foul Ball, location: 2F 0-1: Foul Ball, location: 2F 0-2: Foul Ball, location: 2F 0-2: Strikes out swinging
|
Bottom of the 5th over - 0 runs, 1 hit, 0 errors, 1 left on base; Chicago 1 - Detroit 3 |
TOP OF THE 6TH |
Chicago Hawks batting - Pitching for Detroit Renaissance : LHP Filip Radyuhin
|
Batting: LHB Jeff Simpson
|
0-0: Called Strike 0-1: Fly out, F3 (Popup, 3SF)
|
Batting: RHB Cam MacIntosh
|
0-0: Called Strike 0-1: Ball 1-1: Swinging Strike 1-2: Strikes out swinging
|
Batting: RHB Jack Bonner
|
0-0: Ball 1-0: Called Strike 1-1: Swinging Strike 1-2: Ball 2-2: Strikes out swinging
|
Top of the 6th over - 0 runs, 0 hits, 0 errors, 0 left on base; Chicago 1 - Detroit 3 |
BOTTOM OF THE 6TH |
Detroit Renaissance batting - Pitching for Chicago Hawks : RHP Stanley Eldrige
|
Batting: LHB Todd Henry
|
0-0: Ball 1-0: Ball 2-0: Foul Ball, location: 2F 2-1: Swinging Strike 2-2: Ground out 3-1 (Groundball, 34S)
|
Batting: RHB Moisés Quintana
|
0-0: Ball 1-0: Called Strike 1-1: Ball 2-1: Foul Ball, location: 2F 2-2: Foul Ball, location: 2F 2-2: Strikes out swinging
|
Batting: LHB Josh Platt
|
0-0: Called Strike 0-1: Ball 1-1: Ball 2-1: Fly out, F7 (Flyball, 7LM)
|
Bottom of the 6th over - 0 runs, 0 hits, 0 errors, 0 left on base; Chicago 1 - Detroit 3 |
TOP OF THE 7TH |
Chicago Hawks batting - Pitching for Detroit Renaissance : LHP Filip Radyuhin
|
Batting: RHB Paddy Hodnett
|
0-0: Foul Ball, location: 2F 0-1: Called Strike 0-2: SOLO HOME RUN (Flyball, 7LD), Distance : 320 ft
|
Batting: SHB Luis Manuel Flores
|
0-0: Called Strike 0-1: Ball 1-1: Foul Ball, location: 2F 1-2: Strikes out swinging
|
Batting: RHB Reg Spiers
|
0-0: Swinging Strike 0-1: Foul Ball, location: 2F 0-2: Ball 1-2: Foul Ball, location: 2F 1-2: Ball 2-2: Foul Ball, location: 2F 2-2: Ball 3-2: Ground out 4-3 (Groundball, 4)
|
Batting: RHB Tevin McTevin
|
0-0: Ball 1-0: Ball 2-0: Called Strike 2-1: Ground out 6-3 (Groundball, 6)
|
Top of the 7th over - 1 run, 1 hit, 0 errors, 0 left on base; Chicago 2 - Detroit 3 |
BOTTOM OF THE 7TH |
Detroit Renaissance batting - Pitching for Chicago Hawks : RHP Stanley Eldrige
|
Batting: LHB Elian Gonzalez
|
0-0: Called Strike 0-1: Fly out, F9 (Line Drive, 9D)
|
Batting: RHB Sixto Estrada
|
0-0: Ball 1-0: Ball 2-0: Ball 3-0: Called Strike 3-1: Foul Ball, location: 2F 3-2: Base on Balls
|
Batting: SHB Jesús Román
|
0-0: Ball 1-0: Ball 2-0: Foul Ball, location: 2F 2-1: Called Strike 2-2: Strikes out swinging
|
Batting: RHB Pablo Marrero
|
0-0: Ball Sixto Estrada is caught stealing 2nd base
|
Bottom of the 7th over - 0 runs, 0 hits, 0 errors, 0 left on base; Chicago 2 - Detroit 3 |
TOP OF THE 8TH |
Chicago Hawks batting - Pitching for Detroit Renaissance : LHP Filip Radyuhin
|
Batting: RHB Jorge Salgado
|
0-0: Called Strike 0-1: Ball 1-1: Ball 2-1: Fly out, F8 (Flyball, 8RD)
|
Batting: LHB Scott Janousek
|
0-0: Foul Ball, location: 2F 0-1: Ball 1-1: Ball 2-1: Ball 3-1: SINGLE (Flyball, 8LM)
|
Pitching: LHP Jaime Carrión
|
|
Batting: LHB Jeff Simpson
|
0-0: Called Strike 0-1: SINGLE (Line Drive, 34) Scott Janousek to second
|
Batting: RHB Cam MacIntosh
|
0-0: Swinging Strike 0-1: Foul Ball, location: 2F 0-2: Strikes out looking
|
Batting: RHB Jack Bonner
|
0-0: Called Strike 0-1: Called Strike 0-2: Foul Ball, location: 2F 0-2: Ground out 6-3 (Groundball, 6M)
|
Top of the 8th over - 0 runs, 2 hits, 0 errors, 2 left on base; Chicago 2 - Detroit 3 |
BOTTOM OF THE 8TH |
Detroit Renaissance batting - Pitching for Chicago Hawks : RHP Stanley Eldrige
|
Batting: RHB Pablo Marrero
|
0-0: Ball 1-0: Swinging Strike 1-1: SINGLE (Groundball, 5D)
|
Batting: SHB Shiki Sanu
|
0-0: Called Strike 0-1: Ball Pablo Marrero is caught stealing 2nd base 1-1: Foul Ball, location: 2F 1-2: SINGLE (Flyball, 9S)
|
Batting: LHB Javier Sánchez
|
0-0: Foul Ball, location: 2F 0-1: Foul Ball, location: 2F 0-2: Strikes out swinging
|
Batting: LHB Todd Henry
|
0-0: Ball 1-0: Foul Ball, location: 2F 1-1: Ball 2-1: Foul Ball, location: 2F 2-2: Ball 3-2: Base on Balls Shiki Sanu to second
|
Batting: RHB Moisés Quintana
|
0-0: Called Strike 0-1: Foul Ball, location: 2F 0-2: Ball 1-2: Foul Ball, location: 2F 1-2: Foul Ball, location: 2F 1-2: Foul Ball, location: 2F 1-2: Fielders Choice at 2nd, 5-4 (Groundball, 5)
|
Bottom of the 8th over - 0 runs, 2 hits, 0 errors, 2 left on base; Chicago 2 - Detroit 3 |
TOP OF THE 9TH |
Chicago Hawks batting - Pitching for Detroit Renaissance : LHP Jaime Carrión
|
Pitching: RHP Esteban Ruíz
|
|
Batting: RHB Paddy Hodnett
|
0-0: Called Strike 0-1: Fly out, F4 (Popup, 23)
|
Batting: SHB Luis Manuel Flores
|
0-0: Foul Ball, location: 2F 0-1: Foul Ball, location: 2F 0-2: Ball 1-2: Ball 2-2: Foul Ball, location: 2F 2-2: Fly out, F8 (Flyball, 89D)
|
Batting: RHB Reg Spiers
|
0-0: Called Strike 0-1: Ball 1-1: Ground out 6-3 (Groundball, 6)
|
Top of the 9th over - 0 runs, 0 hits, 0 errors, 0 left on base; Chicago 2 - Detroit 3 |
|